 Dungeon Crawl Stone Soup version 0.21-a0-450-gd87a9b2 (webtiles) character file.

41 slep the Skirmisher (level 3, -1/29 HPs)
             Began as a Demonspawn Monk on Nov 18, 2017.
             Slain by a gnoll
             ... wielding a +0 club
              (7 damage)
             ... on level 2 of the Dungeon.
             The game lasted 00:02:27 (813 turns).

slep the Skirmisher (Demonspawn Monk)                Turns: 813, Time: 00:02:27

Health: -1/29      AC:  2    Str: 11    XL:     3   Next: 32%
Magic:  3/3        EV: 13    Int: 11    God:
Gold:   91         SH:  0    Dex: 16    Spells: 2/2 levels left

rFire    . . .     SeeInvis .   a - +0 falchion
rCold    . . .     Gourm    .   (no shield)
rNeg     . . .     Faith    .   b - +0 robe
rPois    .         Spirit   .   (no helmet)
rElec    .         Reflect  .   (no cloak)
rCorr    .         Harm     .   (no gloves)
MR       .....                  (no boots)
Stlth    ++........             (no amulet)
HPRegen  0.09/turn              (no ring)
MPRegen  0.08/turn              (no ring)

@: drained
A: spiny 1
a: no special abilities


You were on level 2 of the Dungeon.
You were not hungry.

You visited 1 branch of the dungeon, and saw 2 of its levels.

You collected 91 gold pieces.

Inventory:

Hand Weapons
 a - a +0 falchion (weapon)
 k - a +2 flail of draining
Armour
 b - a +0 robe (worn)
Scrolls
 f - 3 scrolls of identify {unknown}
 g - a scroll of enchant armour {unknown}
 h - a scroll of remove curse {unknown}
Potions
 e - a potion of cancellation {unknown}
 i - a potion of resistance {unknown}
 l - a potion of curing {unknown}
Comestibles
 c - 2 bread rations
 d - 3 fruits
 j - a meat ration


   Skills:
 + Level 3.5(3.3) Fighting
 + Level 3.1(2.9) Long Blades
 + Level 3.1(2.9) Dodging
 + Level 1.9(1.7) Stealth


You had 2 spell levels left.
You didn't know any spells.

Dungeon Overview and Level Annotations

Branches:
Dungeon (2/15)

Altars:


Innate Abilities, Weirdness & Mutations

You are partially covered in sharp spines.


Message History

You closely miss the gnoll.
The gnoll is heavily wounded.
The gnoll closely misses you.
The gnoll hits you from afar with a spear. x2
You closely miss the gnoll. The gnoll misses you.
You hit the gnoll.
The gnoll is moderately wounded.
The gnoll hits you from afar with a spear.
* * * LOW HITPOINT WARNING * * *
The gnoll barely misses you.
You barely miss the gnoll.
The gnoll is moderately wounded.
The gnoll barely misses you.
You hit the gnoll but do no damage.
The gnoll is moderately wounded.
The gnoll is struck by your spines. The gnoll misses you.
You barely miss the gnoll.
The gnoll is heavily wounded.
The gnoll hits you with a club!
You die...

#.#.# ..## #.#.#
.... #.#.# #(..
#.#.# #..# #.#
#..# #.#
######..# #.#
........#
#.#############.#
#.........@ggg..#
#################


You could see 3 gnolls.

Vanquished Creatures
  A gnoll (D:2)
  2 leopard geckos (D:1)
  3 giant cockroaches (D:1)
  3 goblins (D:1)
  7 hobgoblins
  4 kobolds (D:1)
  A bat (D:1)
  5 rats
26 creatures vanquished.

Notes
Turn   | Place    | Note
-------+----------+-------------------------------------------
     0 | D:1      | slep the Demonspawn Monk began the quest for the Orb.
     0 | D:1      | Reached XP level 1. HP: 18/18 MP: 1/1
   125 | D:1      | Gained mutation: You are partially covered in sharp spines. [demonic ancestry]
   125 | D:1      | Reached XP level 2. HP: 15/24 MP: 2/2
   750 | D:2      | Reached XP level 3. HP: 20/29 MP: 3/3
   813 | D:2      | Slain by a gnoll

Vault maps used:
D:1:      elethiomel_arrival_infinity_welcomes_careful_drivers
D:2:      due_unseen_surprise, uniq_sigmund

Skill      XL: |  1  2 |
---------------+-------+-----
Dodging        | 3 |  3.1
Long Blades    | 3 |  3.1
Fighting       | |  3.5
Stealth        | |  1.9

Action                   || total
-------------------------++-------
Melee: Falchion          ||    73
 Stab: Sleeping          ||     2
Armor: Robe              ||     6
Dodge: Dodged            ||    58
       Rpst.: Falchion   ||    15

Table legend:
 A = Spawn XP
 B = Non-spawn XP
 C = Spawn XP percentage of total XP
 D = Spawn monster count
 E = Non-spawn monster count
 F = Spawn count percentage of total count
 G = Total turns spent on level
                    A         B        C        D         E        F      G
               +---------+---------+-------+---------+---------+-------+---------
         Total |       0 |      59 |   0.0 |       0 |      26 |   0.0 |   813
               +---------+---------+-------+---------+---------+-------+---------
           D:1 |       0 |      39 |   0.0 |       0 |      22 |   0.0 |   734
           D:2 |       0 |      20 |   0.0 |       0 |       4 |   0.0 |    79
               +---------+---------+-------+---------+---------+-------+---------
